 Dungeon Crawl Stone Soup version 0.20-a0-513-g02c11fc (webtiles) character file.

12446 Amnesiac the Destroyer (level 11, -1/68 HPs)
             Began as a Mummy Wizard on Jan 23, 2017.
             Was an Elder of Sif Muna.
             Slain by a deep elf archer
             ... wielding the +6 broad axe of Destiny {antimagic, +Rage rC+ Str+3}
              (21 damage)
             ... on level 10 of the Dungeon.
             The game lasted 00:37:07 (16944 turns).

Amnesiac the Destroyer (Mummy Wizard)              Turns: 16944, Time: 00:37:08

Health: -1/68      AC:  7    Str: 11    XL:     11   Next: 62%
Magic:  15/26      EV: 12    Int: 20    God:    Sif Muna [****..]
Gold:   645        SH:  5    Dex: 19    Spells: 20/33 levels left

rFire    x . .     SeeInvis .   z - +3 dire flail of the Boar {elec, Fragile Dex+8}
rCold    + . .     Gourm    .   a - +0 robe
rNeg     + + +     Faith    .   (shield currently unavailable)
rPois    ∞         Spirit   .   K - +2 hat
rElec    .         Reflect  +   B - +0 cloak
rCorr    .         Harm     .   y - +1 pair of gloves
MR       +....                  (no boots)
Stlth    ++........             D - +5 amulet of reflection
Regen    0.3/turn               (no ring)
                                (no ring)

@: divine energy
A: no food or potions, fire vulnerability, cold resistance 1, negative energy
resistance 3, torment resistance, unbreathing
a: Stop Divine Energy, Channel Magic, Forget Spell, Renounce Religion


You were on level 10 of the Dungeon.
You worshipped Sif Muna.
Sif Muna was greatly pleased with you.
You were not hungry.

You visited 2 branches of the dungeon, and saw 11 of its levels.
You also visited: Sewer.

You collected 645 gold pieces.

Inventory:

Hand Weapons
 i - a +0 blowgun
 q - a +2 short sword of speed
 w - a +5 halberd
 z - the +3 dire flail of the Boar (weapon) {elec, Fragile Dex+8}
   (You found it on level 7 of the Dungeon)

   Occasionally, upon striking a foe, it will discharge some electrical energy
   and cause terrible harm.
   It affects your dexterity (+8).
   It will be destroyed if unequipped.
 C - the +2 longbow of Destruction {venom, MR+ Int+2 Dex-5 SInv, unknown}
   (You found it on level 8 of the Dungeon)

   It poisons the ammo it fires.
   It affects your intelligence (+2).
   It affects your dexterity (-5).
   It affects your resistance to hostile enchantments.
   It lets you see invisible.
 E - a +1 dagger of speed
 F - a +6 great sword of electrocution
 G - a +0 lajatang
Missiles
 j - 59 poisoned needles
 t - 2 throwing nets (quivered)
Armour
 a - a +0 robe (worn)
 m - a +0 helmet
 y - a +1 pair of gloves (worn)
 B - a +0 cloak (worn)
 K - a +2 hat (worn)
 M - the +1 scale mail of Claustrophobia {+Inv +Fly rN+++ Int-2, unknown}
   (You found it on level 10 of the Dungeon)

   It affects your intelligence (-2).
   It renders you almost immune to negative energy.
   It lets you turn invisible.
   It lets you fly.
Jewellery
 l - an uncursed amulet of regeneration
 D - a +5 amulet of reflection (around neck)
Wands
 u - a wand of confusion (48/48)
 v - a wand of polymorph (12/24)
 H - a wand of flame (23/48)
 L - a wand of iceblast (7/15)
Scrolls
 b - a scroll of recharging
 d - a scroll of blinking
 e - 5 scrolls of identify
 f - 2 scrolls of immolation
 g - 3 scrolls of magic mapping
 h - 2 scrolls of teleportation
 n - a scroll of amnesia
 o - 2 scrolls of fog
 p - a scroll of enchant armour
 r - a scroll of torment
 x - 4 scrolls of fear
 A - a scroll of enchant weapon
 I - a scroll of brand weapon {unknown}
 J - a scroll of vulnerability {unknown}
Books
 c - a book of Minor Magic

   Spells                             Type                      Level
   a - Magic Dart                     Conjuration                  1
   b - Blink                          Translocation                2
   c - Call Imp                       Summoning                    2
   d - Repel Missiles                 Charms/Air                   2
   e - Slow                           Hexes                        2
   f - Conjure Flame                  Conjuration/Fire             3
   g - Mephitic Cloud                 Conjuration/Poison/Air       3
 k - the Reference Book on Floating Venom
   (You found it in a sewer)

   Spells                             Type                      Level
   a - Sting                          Conjuration/Poison           1
   b - Ignite Poison                  Fire/Transmutation/Poison    3
   c - Spider Form                    Transmutation/Poison         3
   d - Summon Lightning Spire         Summoning/Air                4
   e - Alistair's Intoxication        Transmutation/Poison         5
 s - a book of Callings

   Spells                             Type                      Level
   a - Summon Small Mammal            Summoning                    1
   b - Call Imp                       Summoning                    2
   c - Call Canine Familiar           Summoning                    3
   d - Summon Guardian Golem          Hexes/Summoning              3
   e - Summon Lightning Spire         Summoning/Air                4
   f - Summon Ice Beast               Ice/Summoning                4


   Skills:
 - Level 1.5 Dodging
 - Level 1.5 Stealth
 + Level 11.6 Spellcasting
 * Level 13.2 Conjurations
 - Level 0.7 Summonings
 - Level 0.7 Translocations


You had 20 spell levels left.
You knew the following spells:

 Your Spells              Type           Power        Failure   Level  Hunger
a - Repel Missiles        Chrm/Air       ##....       12%         2    N/A
b - Blink                 Tloc           N/A          10%         2    N/A
d - Call Imp              Summ           ##......     10%         2    N/A
e - Mephitic Cloud        Conj/Pois/Air  ####....     3%          3    N/A
s - Conjure Flame         Conj/Fire      #####...     1%          3    N/A
z - Magic Dart            Conj           ####         1%          1    N/A

Dungeon Overview and Level Annotations

Branches:
Dungeon (10/15)            Temple (1/1) D:7            Lair (0/6) D:10
    Orc: D:9-12

Altars:
Ashenzari
Cheibriados
Dithmenos
Elyvilon
Fedhas
Gozag
Hepliaklqana
Kikubaaqudgha
Makhleb
Nemelex Xobeh
Okawaru
Qazlal
Ru
Sif Muna
Trog
Uskayaw
Vehumet
Xom
Yredelemnul
Zin
The Shining One


Innate Abilities, Weirdness & Mutations

You do not eat or drink.
Your flesh is vulnerable to fire.
You are immune to poison.
Your flesh is cold resistant. (rC+)
You are immune to negative energy. (rN+++)
You are immune to unholy pain and torment.
You can survive without breathing.


Message History

Confirm with . or Enter, or press ? or * to list all spells.
Aiming: Mephitic Cloud
Press: ? - help, Shift-Dir - straight line, f - deep elf archer
Aim: a deep elf archer, wielding a bloodstained broad axe {antimagic} and wearing a leather armour (repelling missiles)
The ball explodes into a vile cloud!
The stinking cloud engulfs the deep elf archer.
The stinking cloud engulfs you!
You hear a shout! x2
The deep elf archer is engulfed in noxious fumes.
The deep elf archer appears confused.
You barely miss the sky beast.
The sky beast is severely wounded.
The sky beast is engulfed in noxious fumes.
The sky beast appears confused.
The deep elf archer is engulfed in noxious fumes.
The deep elf archer hits the sky beast with a bloodstained broad axe {antimagic}!!
The sky beast is killed!
Sif Muna accepts your kill.
The deep elf archer hits you with a bloodstained broad axe {antimagic}!!
You die...

....#...........#.....######
....######'######...)......#
...........................#
...........................#
...........................#
..............)............#
......##########...........#
#.....# #..§e§#####...###
#.....# #...#@+ #...#
#.....# #.(.#(# ...# #.....#
#...#(# ...# #.....# #...#(#
.# #.....# ....#.# #.....#
.....#.# ......# ......#.#
########.. ...


You could see a deep elf archer (confused).

Vanquished Creatures
  Gastronok (D:9)
  A two-headed ogre (D:10)
  The ghost of Yoshimo the Cleaver, a novice DDAr of Makhleb (D:8)
  A flayed ghost (D:8)
  2 unseen horrors
  Pikel (D:7)
  3 hornets
  Grinder (D:4)
  2 hippogriffs
  5 wraiths (D:8)
  A wyvern (D:10)
  A fire bat (D:8)
  3 hungry ghosts
  A water moccasin (D:10)
  3 ice beasts
  An orc warrior (D:7)
  3 sky beasts
  An eye of draining (D:10)
  3 slaves (D:7)
  A black bear (D:7)
  2 phantoms
  6 centaurs
  6 ogres
  A crocodile (D:9)
  2 big kobolds (Sewer)
  5 bullfrogs
  A gnoll sergeant (D:8)
  Dowan (D:4)
  5 scorpions
  5 wights
  8 killer bees
  6 howler monkeys
  7 crimson imps
  2 centaur zombies (D:8)
  2 bullfrog zombies
  A quasit (D:10)
  3 jellies
  7 hounds
  A bullfrog skeleton (D:6)
  5 orc priests
  5 orc wizards
  Crazy Yiuf (D:7)
  2 centaur skeletons
  An iguana (D:6)
  Jessica (D:2)
  3 worker ants
  A big kobold zombie (Sewer)
  A hound zombie (D:5)
  Robin (D:3)
  8 adders
  18 gnolls
  A howler monkey skeleton (D:10)
  2 shadow imps (Sewer)
  2 ufetubi (Sewer)
  4 oozes
  An adder skeleton (D:4)
  2 worms
  4 dart slugs
  4 leopard geckos
  42 orcs
  5 giant cockroaches
  12 goblins
  8 hobgoblins
  6 jackals
  20 kobolds
  2 quokkas
  3 ball pythons
  13 bats
  7 frilled lizards
  A giant cockroach zombie (Sewer)
  10 rats
303 creatures vanquished.

Vanquished Creatures (collateral kills)
  2 ogres (D:4)
  A quasit (Sewer)
  2 big kobold zombies (Sewer)
  2 adders (Sewer)
  An ufetubus (Sewer)
  An orc (D:3)
  4 jackals (D:3)
  6 kobolds (Sewer)
19 creatures vanquished.

Vanquished Creatures (others)
  A scorpion (D:9)
  A killer bee (D:9)
  An ooze (Sewer)
  An adder zombie (D:7)
  3 leopard geckos
  2 kobold zombies (Sewer)
9 creatures vanquished.

Grand Total: 331 creatures vanquished

Notes
Turn   | Place    | Note
-------+----------+-------------------------------------------
     0 | D:1      | Amnesiac the Mummy Wizard began the quest for the Orb.
     0 | D:1      | Reached XP level 1. HP: 13/13 MP: 5/5
    43 | D:1      | Reached skill level 1 in Conjurations
   272 | D:1      | Reached XP level 2. HP: 18/19 MP: 2/7
   276 | D:1      | Learned a level 2 spell: Call Imp
   279 | D:1      | Learned a level 2 spell: Repel Missiles
   360 | D:2      | Found a faded altar of an unknown god.
   588 | D:4      | Noticed an ogre
   588 | D:4      | Noticed an ogre
   641 | D:3      | Reached skill level 2 in Conjurations
   716 | D:3      | Found a shattered altar of Ashenzari.
   812 | D:3      | Found a glowing drain.
   885 | Sewer    | Entered a sewer
   887 | Sewer    | Reached XP level 3. HP: 24/24 MP: 4/8
   893 | Sewer    | Learned a level 3 spell: Mephitic Cloud
  1493 | Sewer    | Reached skill level 3 in Conjurations
  1823 | Sewer    | Reached XP level 4. HP: 28/30 MP: 1/10
  1828 | Sewer    | Learned a level 3 spell: Conjure Flame
  1836 | Sewer    | Found a burning altar of Makhleb.
  1836 | Sewer    | Noticed a big kobold
  1855 | Sewer    | Killed a big kobold
  1855 | Sewer    | Reached skill level 4 in Conjurations
  1855 | Sewer    | Reached XP level 5. HP: 35/35 MP: 1/11
  2578 | Sewer    | Reached skill level 5 in Conjurations
  2578 | Sewer    | Reached XP level 6. HP: 41/41 MP: 8/12
  2691 | Sewer    | Identified the Reference Book on Floating Venom
  3325 | D:4      | Noticed Dowan
  3535 | D:4      | Found a basalt altar of Yredelemnul.
  3541 | D:4      | Found a white marble altar of Elyvilon.
  3545 | D:4      | Found an ancient bone altar of Kikubaaqudgha.
  3957 | D:4      | You fall through a shaft for 3 floors!
  3988 | D:7      | Reached skill level 6 in Conjurations
  3999 | D:7      | Noticed an orc warrior
  4046 | D:6      | Found an opulent altar of Gozag.
  4099 | D:5      | Entered Level 5 of the Dungeon
  4185 | D:5      | Found a burning altar of Makhleb.
  4252 | D:4      | Reached XP level 7. HP: 46/46 MP: 9/13
  4302 | D:4      | Noticed Grinder
  4371 | D:4      | Killed Grinder
  4501 | D:4      | Killed Dowan
  4501 | D:4      | Reached skill level 7 in Conjurations
  5281 | D:5      | Reached XP level 8. HP: 47/52 MP: 1/14
  5497 | D:5      | Reached skill level 8 in Conjurations
  6848 | D:6      | Reached skill level 5 in Spellcasting
  7086 | D:5      | Learned a level 2 spell: Blink
  7231 | D:5      | Reached skill level 9 in Conjurations
  8048 | D:7      | Reached XP level 9. HP: 57/57 MP: 15/18
  8183 | D:7      | Found a shimmering altar of Xom.
  8233 | D:7      | Noticed Pikel
  8254 | D:7      | Killed Pikel
  8427 | D:7      | Reached skill level 10 in Conjurations
  8755 | D:7      | Got a crystal dire flail
  8756 | D:7      | Identified the cursed +3 dire flail of the Boar {elec, Fragile Dex+8} (You found it on level 7 of the Dungeon)
  8840 | D:7      | Found a staircase to the Ecumenical Temple.
  8847 | Temple   | Entered the Ecumenical Temple
  8917 | Temple   | Became a worshipper of Sif Muna the Loreminder
  8947 | D:7      | Found a runed door.
  9135 | D:7      | Noticed Crazy Yiuf
  9143 | D:7      | Killed Crazy Yiuf
 10371 | D:2      | Noticed Jessica
 10376 | D:2      | Killed Jessica
 10877 | D:3      | Noticed Robin
 10889 | D:3      | Killed Robin
 10964 | D:3      | Found a radiant altar of Vehumet.
 11457 | D:8      | Reached XP level 10. HP: 58/63 MP: 2/22
 11507 | D:8      | Reached * piety under Sif Muna
 11601 | D:8      | Reached skill level 11 in Conjurations
 11969 | D:8      | Noticed Yoshimo's ghost (novice DDAr)
 11983 | D:8      | Killed Yoshimo's ghost
 12011 | D:8      | Found a runed door.
 12064 | D:8      | Reached ** piety under Sif Muna
 12064 | D:8      | Found an opulent altar of Gozag.
 14158 | D:8      | Found a deep blue altar of Sif Muna.
 14176 | D:8      | Found an iron altar of Okawaru.
 14183 | D:8      | Found a deep blue altar of Sif Muna.
 14211 | D:8      | Found a shadowy altar of Dithmenos.
 14227 | D:8      | Found a stormy altar of Qazlal.
 14370 | D:8      | Reached skill level 10 in Spellcasting
 14540 | D:8      | Killed an unseen horror
 14540 | D:8      | Reached *** piety under Sif Muna
 14540 | D:8      | Reached skill level 12 in Conjurations
 14853 | D:8      | Noticed a flayed ghost
 14869 | D:8      | Killed a flayed ghost
 14879 | D:8      | Got an iridescent longbow
 15037 | D:9      | Reached XP level 11. HP: 68/68 MP: 21/25
 15578 | D:10     | Entered Level 10 of the Dungeon
 15601 | D:10     | Noticed Gastronok
 15902 | D:9      | Killed Gastronok
 16054 | D:10     | Reached **** piety under Sif Muna
 16171 | D:10     | Found a staircase to the Lair.
 16235 | D:10     | Noticed a two-headed ogre
 16255 | D:10     | Killed a two-headed ogre
 16255 | D:10     | Reached skill level 13 in Conjurations
 16446 | D:10     | Killed an unseen horror
 16801 | D:10     | Got an ichor-stained scale mail
 16942 | D:10     | Noticed a deep elf archer
 16944 | D:10     | Identified the +6 broad axe of Destiny {antimagic, +Rage rC+ Str+3}
 16944 | D:10     | Slain by a deep elf archer

Vault maps used:
D:1:      lightli_molten_gateway
D:2:      chequers_ecumenical_altar_simple, st_stairs_12, minmay_box_of_dots,
          uniq_jessica
D:3:      lemuel_coloured_pillars_altar, portal_sewer_entry_b,
          evilmike_ruin_ashenzari, uniq_robin
D:4:      minitemple, first_bread, nicolae_ossuary_entry_plus, uniq_duvessa,
          uniq_grinder
D:5:      makhleb_blood_cavern_becter
D:6:      grunt_gozag_breadcrumbs
D:7:      lemuel_doored_altar, uniq_crazy_yiuf_cottage, uniq_pikel
D:8:      due_megacathedral
D:10:     minmay_shrinking_squares, lair_entry_dummy, blue_anna_alchemist,
          kennysheep_just_a_vault, uniq_gastronok, uniq_erolcha
Temple:   jpeg_temple_clearing
Sewer:    kennysheep_sewer_church

Skill      XL: |  1  2  3  4  5  6  7  8  9 10 11 |
---------------+----------------------------------+-----
Conjurations   | 1 2 3 4 5 6 7 9 10 12 13 | 13.2
Spellcasting   | 6 8 10 11 | 11.6
Dodging        | |  1.5
Stealth        | |  1.5
Summonings     | |  0.7
Translocations | |  0.7

Action                   |  1- 3 |  4- 6 |  7- 9 | 10-12 || total
-------------------------+-------+-------+-------+-------++-------
Melee: Unarmed           |    36 |    30 |       |       ||    66
       Great mace        |       |       |    34 |       ||    34
       Halberd           |       |       |    99 |       ||    99
       Morningstar       |       |       |    19 |       ||    19
       Dire flail        |       |       |    26 |   278 ||   304
 Fire: Blowgun           |       |    28 |     8 |       ||    36
 Cast: Magic Dart        |    91 |    62 |   299 |   229 ||   681
       Call Imp          |    10 |    14 |     6 |     9 ||    39
       Repel Missiles    |     1 |     1 |       |       ||     2
       Mephitic Cloud    |       |     5 |    26 |    36 ||    67
       Conjure Flame     |       |     2 |    16 |    41 ||    59
       Blink             |       |       |     4 |    14 ||    18
Invok: Divine Energy     |       |       |       |     1 ||     1
  Use: Scroll            |       |       |    16 |     3 ||    19
 Stab: Distracted        |     1 |       |       |     1 ||     2
       Confused          |       |       |     8 |     6 ||    14
       Sleeping          |       |       |       |     3 ||     3
Armor: Robe              |    10 |    16 |    17 |    94 ||   137
Dodge: Dodged            |    42 |    70 |   104 |   199 ||   415
       Deflected         |     1 |       |     2 |     4 ||     7
Block: Other             |       |       |     7 |    85 ||    92
